 Dungeon Crawl Stone Soup version 0.31-a0-435-g2c6fae2916 (webtiles) character file.

Game seed: 2771713151509969397

65 Maxmaps the Sneak (level 4, -1/31 HPs)
             Began as an Octopode Monk on Aug 1, 2023.
             Slain by a gnoll
             ... wielding a +0 spear
              (6 damage)
             ... on level 3 of the Dungeon.
             The game lasted 00:01:25 (1852 turns).

Maxmaps the Sneak (Octopode Monk)                   Turns: 1852, Time: 00:01:26

Health: -1/31      AC:  1    Str: 10    XL:     4   Next: 13%
Magic:  4/4        EV: 14    Int: 14    God:
Gold:   163        SH:  0    Dex: 14    Spells: 3/3 levels left

rFire   . .          .
                       - Unarmed
rCold   . . .        (no shield)
rNeg    . . .        (helmet restricted)
rPois   .            (no amulet)
rElec   .            (no ring)
rCorr   .            (no ring)
SInv    .            (no ring)
Will    .....        (no ring)
Stlth   ++           (no ring)
HPRegen 0.25/turn    (no ring)
MPRegen 0.09/turn    (no ring)
                     (no ring)

%: no passive effects
@: confused, ambrosia-drunk
A: almost no armour, amphibious, 8 rings, camouflage 1, gelatinous body 1,
(nimble swimmer 1), tentacles
a: no special abilities


You were on level 3 of the Dungeon.
You visited 1 branch of the dungeon, and saw 3 of its levels.

You collected 163 gold pieces.

Inventory:

Jewellery
 h - a ring of positive energy
Talismans
 c - a beast talisman
Scrolls
 b - 2 scrolls of identify {unknown}
 e - 2 scrolls of enchant weapon {unknown}
 f - 4 scrolls of teleportation {unknown}
 g - a scroll of butterflies {unknown}
 i - 2 scrolls of vulnerability {unknown}
 j - a scroll of amnesia {unknown}
Potions
 a - a potion of ambrosia
 d - a potion of degeneration {unknown}
 k - a potion of curing {unknown}


   Skills:
 - Level 3.0 Fighting
 - Level 3.0 Dodging
 + Level 5.3 Stealth
 - Level 3.0 Unarmed Combat


You had 3 spell levels left.
You didn't know any spells.
Your spell library contained the following spells:

 Spells                   Type           Power      Damage    Failure   Level
 Ensorcelled Hibernation  Hex/Ice        0%         N/A       41%         2
 Anguish                  Hex/Necr       0%         N/A       96%         4


Dungeon Overview and Level Annotations

Branches:
Dungeon (3/15)

Altars:
Qazlal

Shops:
D:2 *


Innate Abilities, Weirdness & Mutations

You cannot wear most types of armour.
You are amphibious.
You can wear up to eight rings at the same time.
Your skin changes colour to match your surroundings (Stealth+).
Your rubbery body absorbs attacks. (AC +1, EV +1)
((You are camouflaged when in or above water. (Stealth+)))
You have tentacles for arms and can constrict up to eight enemies at once.


Message History

You are too injured to fight recklessly!
You are too injured to fight recklessly!
You are too injured to fight recklessly!
You are too injured to fight recklessly!
You are too injured to fight recklessly!
You are too injured to fight recklessly!
You are too injured to fight recklessly!
You are too injured to fight recklessly!
You are too injured to fight recklessly!
You are too injured to fight recklessly!
You are too injured to fight recklessly!
You are too injured to fight recklessly!
You are too injured to fight recklessly!
You are too injured to fight recklessly!
You tentacle-slap the gnoll but do no damage.
The gnoll is severely wounded.
You constrict the gnoll. The gnoll misses you.
The gnoll struggles to escape constriction.
The gnoll closely misses you.
You tentacle-slap the gnoll but do no damage.
The gnoll is severely wounded.
You constrict the gnoll. The gnoll misses you.
The gnoll hits you from afar with a +0 spear.
The gnoll barely misses you.
You tentacle-slap the gnoll. You squeeze the gnoll.
You kill the gnoll!
The gnoll closely misses you. The gnoll completely misses you.
You have reached level 4!
Found 4 stones.
The gnoll barely misses you. The gnoll hits you with a +0 spear.
* * * LOW HITPOINT WARNING * * *
You see here a +0 club.
You are confused.
You feel invigorated. The gnoll hits you with a +0 halberd.
* * * LOW HITPOINT WARNING * * *
The gnoll misses you.
You're too confused to move!
The gnoll hits you with a +0 halberd.
* * * LOW HITPOINT WARNING * * *
The gnoll hits you with a +0 spear.
You die...

#.##...######.#...#
###..........##.##.####
......†..............>#
###....#####..#..######
#.##.#<..#..#..# #.
#......†.#..#
#.......###.#..#
###.........#..#
#.#########.@# #. #gg#
. ...## ## #.#. #.#. .
#. .. #. (. #.


You could see 2 gnolls.

Vanquished Creatures
  2 adders (D:2)
  A gnoll (D:3)
  A dart slug (D:3)
  4 ball pythons (D:1)
  3 endoplasms
  2 giant cockroaches (D:1)
  3 hobgoblins
  2 jackals (D:3)
  2 quokkas (D:1)
  6 bats
  2 frilled lizards
  4 kobolds (D:2)
  2 rats (D:1)
34 creatures vanquished.

Notes
Turn   | Place    | Note
-------+----------+-------------------------------------------
     0 | D:1      | Maxmaps the Octopode Monk began the quest for the Orb.
     0 | D:1      | Reached XP level 1. HP: 16/16 MP: 1/1
    89 | D:1      | Reached skill level 1 in Stealth
   236 | D:1      | Reached skill level 2 in Stealth
   240 | D:1      | Reached XP level 2. HP: 21/21 MP: 2/2
   546 | D:1      | Reached skill level 3 in Stealth
   975 | D:2      | Found Oponuh's Assorted Antiques.
   985 | D:2      | Found a stormy altar of Qazlal.
  1203 | D:2      | Reached skill level 4 in Stealth
  1203 | D:2      | Reached XP level 3. HP: 26/26 MP: 3/3
  1801 | D:3      | Reached skill level 5 in Stealth
  1850 | D:3      | Reached XP level 4. HP: 11/31 MP: 4/4
  1852 | D:3      | Slain by a gnoll

Illustrated notes

Levels and vault maps discovered:
D:1:      dpeg_arrival_arbitrary_a, layout_basic
D:2:      layout_basic, basic_altar, serial_shops, nicolae_diamond_shop
D:3:      layout_basic, uniq_ijyb

Skill      XL: |  1  2  3 |
---------------+----------+-----
Stealth        | 2 4 5 |  5.3
Fighting       | |  3.0
Dodging        | |  3.0
Unarmed Combat | |  3.0

Action                     |  1- 3 |  4- 6 || total
---------------------------+-------+-------++-------
  Melee: Unarmed           |    74 |       ||    74
         Constrict         |    21 |       ||    21
         Tentacles         |    18 |       ||    18
         Punch             |     3 |       ||     3
    Use: Potion            |       |     1 ||     1
   Stab: Sleeping          |    12 |       ||    12
 Armour: Skin              |     5 |       ||     5
  Dodge: Dodged            |    53 |     2 ||    55

Table legend: (Time is in decaauts)
 A = Elapsed time spent in this place.
 B = Non-inter-level travel time spent in this place.
 C = Inter-level travel time spent in this place.
 D = Time resting spent in this place.
 E = Time spent auto-exploring this place.
 F = Levels seen in this place.
 G = Mean time per level.
                   A        B        C        D        E       F      G
               +--------+--------+--------+--------+--------+-----+--------+
         Total |   1847 |   1778 |     69 |      0 |   1486 |   3 |  615.7 |
       Dungeon |   1847 |   1778 |     69 |      0 |   1486 |   3 |  615.7 |
               +--------+--------+--------+--------+--------+-----+--------+

Top non-repeatable levels by time:
     D:1: 945 daAuts
     D:2: 814 daAuts
     D:3: 87 daAuts
